 Dungeon Crawl Stone Soup version 0.30-a0-190-g22c9a3c0ff (webtiles) character file.

Game seed: 16906980462189981759

1550 Johnny the Shield-Bearer (level 8, -18/57 HPs)
             Began as an Octopode Ice Elementalist on Oct 4, 2022.
             Demolished by a two-headed ogre
             ... wielding a +0 giant club
              (23 damage)
             ... on level 6 of the Dungeon.
             The game lasted 00:10:08 (5530 turns).

Johnny the Shield-Bearer (OpIE)                     Turns: 5530, Time: 00:10:09

Health: -18/57     AC:  9    Str:  8    XL:     8   Next: 88%
Magic:  2/12       EV: 13    Int: 25    God:
Gold:   231        SH:  0    Dex: 12    Spells: 2/13 levels left

rFire   . . .      SeeInvis .    w - staff of cold
rCold   + . .      Faith    .    (no shield)
rNeg    . . .      Spirit   .    (helmet restricted)
rPois   +          Reflect  .    p - amulet of regeneration
rElec   .          Harm     .    n - ring of poison resistance
rCorr   .          Rampage  .    x - +6 ring of intelligence
Will    .....                    (no ring)
Stlth   ++++......               (no ring)
HPRegen 1.09/turn                (no ring)
MPRegen 0.13/turn                (no ring)
                                 (no ring)
                                 (no ring)

@: ice-armoured, freezing walls
A: almost no armour, amphibious, 8 rings, camouflage 1, gelatinous body 1,
(nimble swimmer 1), tentacles
a: no special abilities


You were on level 6 of the Dungeon.
You visited 1 branch of the dungeon, and saw 6 of its levels.

You collected 231 gold pieces.

Inventory:

Armour
 s - a +0 kite shield
Magical Staves
 w - a staff of cold (weapon)
Jewellery
 d - an amulet of the acrobat
 n - a ring of poison resistance (left tentacle)
 p - an amulet of regeneration (around mantle)
 t - an amulet of magic regeneration
 x - a +6 ring of intelligence (right tentacle)
Scrolls
 b - a scroll of blinking {unknown}
 e - a scroll of poison
 f - a scroll of enchant weapon
 h - 3 scrolls of immolation
 i - a scroll of summoning
 j - a scroll of vulnerability {unknown}
 k - 3 scrolls of teleportation {unknown}
 l - a scroll of magic mapping {unknown}
 q - 2 scrolls of noise {unknown}
 u - a scroll of butterflies {unknown}
Potions
 a - a potion of magic
 c - 2 potions of might {unknown}
 g - 4 potions of curing {unknown}
 m - a potion of brilliance {unknown}
 o - a potion of experience {unknown}
 r - a potion of attraction {unknown}
 v - a potion of haste {unknown}
 z - a potion of cancellation {unknown}


   Skills:
 + Level 5.7 Fighting
 - Level 2.0 Dodging
 - Level 5.6 Stealth
 * Level 7.4 Shields
 - Level 3.0 Spellcasting
 - Level 4.6 Ice Magic


You had 2 spell levels left.
You knew the following spells:

 Your Spells              Type           Power      Damage    Failure   Level
a - Freeze                Ice            100%       1d11      1%          1
b - Frozen Ramparts       Ice            80%        1d13      4%          3
c - Ozocubu's Armour      Ice            40%        N/A       4%          3
d - Summon Ice Beast      Ice/Summ       23%        N/A       36%         4

Your spell library contained the following spells:

 Spells                   Type           Power      Damage    Failure   Level


Dungeon Overview and Level Annotations

Branches:
Dungeon (6/15)
 Temple: D:4-7

Altars:
Hepliaklqana
Wu Jian
Xom

Shops:
D:2 (   D:5 [

Annotations:
D:4 Menkaure


Innate Abilities, Weirdness & Mutations

You cannot wear most types of armour.
You are amphibious.
You can wear up to eight rings at the same time.
Your skin changes colour to match your surroundings (Stealth+).
Your rubbery body absorbs attacks. (AC +1, EV +1)
((You are camouflaged when in or above water. (Stealth+)))
You have tentacles for arms and can constrict up to eight enemies at once.


Message History

Confirm with . or Enter, or press ? or * to list all spells.
Aiming: Freeze (safe; 1% risk of failure)
Press: ? - help, Shift-Dir - straight line, f/p - two-headed ogre
Aim: a two-headed ogre, wielding two +0 giant clubs (heavily wounded)
You feel a surge of power!
You freeze the two-headed ogre.
The two-headed ogre is heavily wounded.
The wall freezes the shadow imp but does no damage.
The shadow imp summons a swarm of flies.
The shadow imp hits you but does no damage.
Casting: Freeze (safe; 1% risk of failure)
Confirm with . or Enter, or press ? or * to list all spells.
Aiming: Freeze (safe; 1% risk of failure)
Press: ? - help, Shift-Dir - straight line, f/p - two-headed ogre
Aim: a two-headed ogre, wielding two +0 giant clubs (heavily wounded)
You feel a surge of power!
You freeze the two-headed ogre!
The two-headed ogre is severely wounded.
The wall freezes the two-headed ogre but does no damage.
The two-headed ogre hits you with a +0 giant club!
* * * LOW HITPOINT WARNING * * *
The two-headed ogre barely misses you.
The wall freezes the shadow imp but does no damage.
The shadow imp hits you.
* * * LOW HITPOINT WARNING * * *
Okay, then.
Okay, then.
Casting: Freeze (safe; 1% risk of failure)
Confirm with . or Enter, or press ? or * to list all spells.
Aiming: Freeze (safe; 1% risk of failure)
Press: ? - help, Shift-Dir - straight line, f/p - two-headed ogre
Aim: a two-headed ogre, wielding two +0 giant clubs (severely wounded)
You feel a surge of power!
You freeze the two-headed ogre.
The two-headed ogre is severely wounded.
The shadow imp completely resists.
The wall freezes the shadow imp but does no damage.
The shadow imp hits you but does no damage.
The wall freezes the two-headed ogre!
The two-headed ogre hits you with a +0 giant club.
* * * LOW HITPOINT WARNING * * *
The two-headed ogre hits you with a +0 giant club!!
You die...

...........#.........♣♣..#.......
.....>.....#..##.....♣♣..######..
...........#..##.._......#....#..
...........#.............#....#..
...........#........≈≈...#....#..
............#...##..§≈..##'####..
###+##...####...##......#<......#
.... #...# #..5.......#........#
.... #.... ..##@....##.........#
.... #.... #...O##.##...........#
.... #... #....#..............))
.... #. #....#......^........#
.... #....#...............# ....
#....#........######## ....
#....#........+ ....
######........# ###.


You could see a two-headed ogre and a shadow imp.

Vanquished Creatures
  2 black bears (D:5)
  2 ogres
  2 centaurs
  A phantom (D:4)
  Blork the orc (D:4)
  A necrophage (D:4)
  4 scorpions (D:5)
  A hound (D:6)
  2 jellies
  An orc priest (D:6)
  3 iguanas
  5 orc wizards
  10 gnolls
  4 adders
  A shadow imp (D:5)
  4 worms
  3 dart slugs
  15 orcs
  14 endoplasms
  2 giant cockroaches
  6 goblins
  10 hobgoblins
  12 jackals
  7 quokkas
  6 ball pythons
  6 bats
  3 frilled lizards (D:1)
  11 kobolds
  3 rats
142 creatures vanquished.

Vanquished Creatures (others)
  2 fungi (D:2)
  A plant (D:2)
3 creatures vanquished.

Grand Total: 145 creatures vanquished

Notes
Turn   | Place    | Note
-------+----------+-------------------------------------------
     0 | D:1      | Johnny the Octopode Ice Elementalist began the quest for
                  | the Orb.
     0 | D:1      | Reached XP level 1. HP: 11/11 MP: 3/3
   174 | D:1      | Reached XP level 2. HP: 7/18 MP: 3/5
   543 | D:1      | Reached XP level 3. HP: 14/22 MP: 2/6
   726 | D:1      | Reached skill level 1 in Fighting
  1286 | D:2      | Found Omaumuz's Weapon Emporium.
  1395 | D:3      | Reached XP level 4. HP: 22/28 MP: 7/7
  1592 | D:3      | Learned a level 3 spell: Frozen Ramparts
  1998 | D:3      | Reached skill level 5 in Stealth
  1998 | D:3      | Reached XP level 5. HP: 32/33 MP: 4/9
  2272 | D:3      | Found a shimmering altar of Xom.
  2440 | D:2      | Found a faded altar of an unknown god.
  2488 | D:2      | Learned a level 3 spell: Ozocubu's Armour
  2582 | D:2      | Found a hazy altar of Hepliaklqana.
  2781 | D:2      | Reached skill level 1 in Shields
  2781 | D:2      | Reached XP level 6. HP: 39/39 MP: 2/10
  3165 | D:4      | Noticed Blork the orc
  3173 | D:4      | Killed Blork the orc
  3174 | D:4      | Reached skill level 2 in Shields
  3291 | D:4      | Noticed a black bear
  3370 | D:4      | Reached skill level 3 in Shields
  3370 | D:4      | Reached XP level 7. HP: 44/46 MP: 5/11
  3450 | D:4      | Noticed Menkaure
  3486 | D:5      | Entered Level 5 of the Dungeon
  3499 | D:5      | Reached skill level 4 in Shields
  3852 | D:5      | Reached skill level 5 in Shields
  3882 | D:5      | Found Ryloqoz's Antique Armour Shoppe.
  4087 | D:5      | Reached XP level 8. HP: 48/54 MP: 1/12
  4554 | D:5      | Reached skill level 6 in Shields
  4677 | D:4      | Learned a level 4 spell: Summon Ice Beast
  4709 | D:4      | Reached skill level 5 in Fighting
  5152 | D:6      | Found an ornate altar of the Wu Jian Council.
  5313 | D:6      | Reached skill level 7 in Shields
  5520 | D:6      | Noticed a two-headed ogre
  5530 | D:6      | Demolished by a two-headed ogre

Illustrated notes

Levels and vault maps discovered:
D:1:      minmay_arrival_shoal_huts, layout_loops_corners
D:2:      minmay_spotlight, layout_rooms, serial_shops,
          nicolae_shop_bloodbath_and_beyond, basic_altar,
          shapermc_ecumenical_altar_ellora
D:3:      layout_basic, mainiacjoe_overflow_concentric_impassable
D:4:      layout_rooms, uniq_blork_the_orc, uniq_menkaure
D:5:      layout_loops_corners, serial_shops, shop
D:6:      layout_gridville, nicolae_wu_jian_wuxing_cycle, gammafunk_ghost_split,
          minmay_misc_feat_nine_boxes, uniq_prince_ribbit1

Skill      XL: |  1  2  3  4  5  6  7  8 |
---------------+-------------------------+-----
Stealth        | 3 4 5 |  5.6
Fighting       | 1 2 3 4 5 |  5.7
Spellcasting   | 3 |  3.0
Shields        | 1 3 5 7 |  7.4
Dodging        | |  2.0
Ice Magic      | |  4.6

Action                   |  1- 3 |  4- 6 |  7- 9 || total
-------------------------+-------+-------+-------++-------
Melee: Unarmed           |    74 |    66 |       ||   140
       Constrict         |    22 |    24 |     6 ||    52
       Tentacles         |    18 |    25 |    14 ||    57
       Punch             |     1 |     1 |     1 ||     3
       Staff             |       |    13 |    31 ||    44
 Cast: Freeze            |    27 |    31 |    42 ||   100
       Frozen Ramparts   |       |    11 |    14 ||    25
       Ozocubu's Armour  |       |     5 |     8 ||    13
  Use: Scroll            |       |       |     4 ||     4
 Stab: Sleeping          |    14 |     3 |     2 ||    19
       Distracted        |       |     1 |       ||     1
Armor: Skin              |    10 |    11 |    11 ||    32
Dodge: Dodged            |    63 |    87 |    60 ||   210

Table legend: (Time is in decaauts)
 A = Elapsed time spent in this place.
 B = Non-inter-level travel time spent in this place.
 C = Inter-level travel time spent in this place.
 D = Time resting spent in this place.
 E = Time spent auto-exploring this place.
 F = Levels seen in this place.
 G = Mean time per level.
                   A        B        C        D        E       F      G
               +--------+--------+--------+--------+--------+-----+--------+
         Total |   5539 |   5272 |    267 |    952 |   3008 |   6 |  923.2 |
       Dungeon |   5539 |   5272 |    267 |    952 |   3008 |   6 |  923.2 |
               +--------+--------+--------+--------+--------+-----+--------+

Top non-repeatable levels by time:
     D:1: 1210 daAuts
     D:5: 1138 daAuts
     D:3: 1081 daAuts
     D:4: 1001 daAuts
     D:2: 701 daAuts
     D:6: 406 daAuts
